 Dungeon Crawl Stone Soup version 0.31-a0-1620-gcbf77bbcfc (webtiles) character file.

Game seed: 13604569042943424752

1467 zenocrate the Covert (level 8, -3/40 HPs)
             Began as a Vine Stalker Enchanter on Jan 11, 2024.
             Slain by an orc warrior
             ... wielding a +0 trident
              (8 damage)
             ... on level 6 of the Dungeon.
             The game lasted 00:04:09 (5609 turns).

zenocrate the Covert (Vine Stalker Enchanter)       Turns: 5609, Time: 00:04:10

Health: -3/40      AC:  3    Str: 14    XL:     8   Next: 77%
Magic:  0/12       EV: 12    Int: 15    God:
Gold:   235        SH:  0    Dex: 20    Spells: 1/11 levels left

rFire   . . .        b - +10 trident "Difid" {elec, Str+3 Dex+3 Stlth+}
rCold   . . .        (no shield)
rNeg    . . .        k - +0 robe
rPois   +            (no helmet)
rElec   .            y - +0 cloak
rCorr   .            (no gloves)
SInv    .            (no boots)
Will    ++...        f - amulet of regeneration
Stlth   +++++        d - ring of poison resistance
HPRegen 1.86/turn    C - ring of willpower
MPRegen 0.13/turn

%: guardian spirit
@: no status effects
A: fangs 3, regeneration 1, magic shield, antimagic bite, no potion heal 2
a: no special abilities


You were on level 6 of the Dungeon.
You visited 1 branch of the dungeon, and saw 6 of its levels.

You collected 235 gold pieces.

Inventory:

Hand Weapons
 a - a +0 rapier
 b - the +10 trident "Difid" (weapon) {elec, Str+3 Dex+3 Stlth+}
   (You found it on level 2 of the Dungeon)

   Str+3:     It affects your strength (+3).
   Dex+3:     It affects your dexterity (+3).
   Stlth+:    It makes you more stealthy.
 z - a +1 dagger
Missiles
 l - 12 poisoned darts (quivered)
 p - 4 boomerangs
Armour
 k - a +0 robe (worn)
 r - a +0 buckler
 y - a +0 cloak (worn)
Jewellery
 d - a ring of poison resistance (left hand)
 e - a ring of see invisible
 f - an amulet of regeneration (around neck)
 C - a ring of willpower (right hand)
Wands
 n - a wand of flame (24)
 v - a wand of charming (11)
Scrolls
 g - a scroll of amnesia {unknown}
 i - 2 scrolls of fog {unknown}
 m - a scroll of silence {unknown}
 o - a scroll of acquirement {unknown}
 u - 2 scrolls of revelation {unknown}
 A - a scroll of enchant weapon {unknown}
 E - a scroll of poison {unknown}
Potions
 c - 2 potions of invisibility
 h - a potion of attraction
 j - 2 potions of mutation
 q - a potion of cancellation
 s - 3 potions of lignification
 t - a potion of resistance
 w - 2 potions of curing {unknown}
 x - 2 potions of brilliance {unknown}
 B - a potion of haste {unknown}
 D - a potion of heal wounds {unknown}
 F - a potion of might {unknown}


   Skills:
 - Level 3.2 Fighting
 - Level 2.1 Short Blades
 + Level 3.7 Polearms
 - Level 1.5 Dodging
 * Level 8.3 Stealth
 - Level 2.1 Spellcasting
 + Level 5.7 Hexes
 - Level 3.5 Ice Magic


You had one spell level left.
You knew the following spells:

 Your Spells              Type           Power      Damage    Failure   Level
a - Ensorcelled Hibernat  Hex/Ice        30%        N/A       4%          2
b - Confusing Touch       Hex            18%        N/A       6%          3
c - Tukima's Dance        Hex            18%        N/A       6%          3
x - Blink                 Tloc           2%         N/A       32%         2

Your spell library contained the following spells:

 Spells                   Type           Power      Damage    Failure   Level
 Dazzling Flash           Conj/Hex       20%        N/A       21%         3
 Lesser Beckoning         Tloc           2%         N/A       32%         2
 Momentum Strike          Conj/Tloc      2%         3d8       32%         2
 Animate Armour           Summ/Erth      2%         N/A       91%         4
 Summon Lightning Spire   Summ/Air       1%         N/A       91%         4
 Lee's Rapid Deconstruct  Erth           0%         3d4*      99%         5


Dungeon Overview and Level Annotations

Branches:
Dungeon (6/15)
 Temple: D:4-7

Altars:
Ashenzari
Cheibriados
Hepliaklqana
Sif Muna
Uskayaw
Wu Jian
Xom
The Shining One

Annotations:
D:3 1 runed translucent door, baller8008's ghost, amateur OpSh


Innate Abilities, Weirdness & Mutations

You have razor-sharp teeth.
Your natural rate of healing is unusually fast.
When hurt, damage is shared between your health and your magic reserves.
Your bite disrupts and absorbs the magic of your enemies.
Potions cannot restore your health.


Message History

The orc warrior closely misses you.
You reach to attack!
You barely miss the orc warrior.
The orc warrior hits you from afar with a +0 trident!
You puncture the orc!
You kill the orc!
The orc warrior hits you from afar with a +0 trident!
You puncture the orc priest!
Lightning courses through the orc priest!
You kill the orc priest!
The orc warrior hits you from afar with a +0 trident.
You reach to attack!
You closely miss the orc warrior.
The orc warrior hits you from afar with a +0 trident!
* * * LOW HITPOINT WARNING * * *
You are too injured to fight recklessly!
You are too injured to fight recklessly!
Okay, then.
Okay, then.
Casting: Confusing Touch (dangerous; 6% risk of failure)
Confirm with . or Enter, or press ? or * to list all spells.
You don't have enough magic to cast this spell.
Unknown command.
Casting: Confusing Touch (dangerous; 6% risk of failure)
Confirm with . or Enter, or press ? or * to list all spells.
You don't have enough magic to cast this spell.
Unknown command.
Unknown command.
Reach: b) +10 trident "Difid" {elec, Str+3 Dex+3 Stlth+}
Press: ? - help, Dir - move target, f/p - orc warrior
Aim: an orc warrior, wielding a +0 trident and wearing a +0 chain mail (about 30% to evade the +10 trident "Difid")
You reach to attack!
You closely miss the orc warrior.
The orc warrior hits you from afar with a +0 trident!
* * * LOW HITPOINT WARNING * * *
Okay, then.
Reach: b) +10 trident "Difid" {elec, Str+3 Dex+3 Stlth+}
Press: ? - help, Dir - move target, f/p - orc warrior
Aim: an orc warrior, wielding a +0 trident and wearing a +0 chain mail (about 30% to evade the +10 trident "Difid")
You reach to attack!
You hit the orc warrior.
The orc warrior is lightly wounded.
The orc warrior hits you from afar with a +0 trident!
You die...

#.#.......## ..... #.# #.#
#.#..###...#.♣...♣.#.#####.#
#....# #..##.......#.......#
####.###.## ##'# #.#######
#.....# #..# ### ####### #).#
#o## ### #.# #.. ..# #@#
######### #.# #.# #.# #.......#
#.# #.# #.# #.#####.#
#.#####.#### ##.###.# #.#
#.##..)....###...##.### #.#
#.##.##.##.##.....#...# ### ##
#.##.##.##.###...##.###########.
#.##.##.##..........###.........
#.......#######.###.##.........#


You could see an orc warrior.

Vanquished Creatures
  Grinder (D:4)
  Eustachio (D:4)
  An ogre (D:5)
  6 scorpions
  A bombardier beetle (D:4)
  A crimson imp (D:3)
  2 jellies
  A hound (D:4)
  Crazy Yiuf (D:4)
  3 orc priests (D:6)
  3 iguanas
  5 orc wizards (D:6)
  8 adders
  A gnoll (D:1)
  A shadow imp (D:6)
  2 white imps (D:5)
  2 ufetubi (D:6)
  A ribbon worm (D:3)
  A dart slug (D:1)
  13 orcs
  7 ball pythons
  8 endoplasms
  5 giant cockroaches
  5 goblins
  5 hobgoblins
  2 jackals (D:4)
  A quokka (D:2)
  3 bats
  2 frilled lizards
  2 hobgoblin zombies (D:3)
  8 kobolds
  2 kobold zombies (D:3)
  2 orc zombies (D:3)
  8 rats
115 creatures vanquished.

Notes
Turn   | Place    | Note
-------+----------+-------------------------------------------
     0 | D:1      | zenocrate the Vine Stalker Enchanter began the quest for
                  | the Orb.
     0 | D:1      | Reached XP level 1. HP: 9/9 MP: 4/4
    39 | D:1      | Reached skill level 1 in Short Blades
   331 | D:1      | Reached XP level 2. HP: 13/13 MP: 6/6
   334 | D:1      | Learned a level 2 spell: Ensorcelled Hibernation
   371 | D:1      | Reached skill level 4 in Stealth
   394 | D:1      | Reached XP level 3. HP: 17/17 MP: 0/7
   398 | D:1      | Learned a level 3 spell: Confusing Touch
   934 | D:2      | Reached skill level 1 in Ice Magic
   934 | D:2      | Reached XP level 4. HP: 21/21 MP: 0/8
  1016 | D:2      | Identified the +10 trident "Difid" {elec, Str+3 Dex+3
                  | Stlth+}
  1061 | D:2      | Reached skill level 1 in Fighting
  1255 | D:2      | Found a faded altar of an unknown god.
  1907 | D:3      | Found a glowing golden altar of the Shining One.
  1917 | D:3      | Reached XP level 5. HP: 24/25 MP: 9/9
  1989 | D:3      | Found an ornate altar of the Wu Jian Council.
  2102 | D:3      | Found a runed translucent door.
  2108 | D:3      | Noticed baller8008's ghost (amateur OpSh)
  2394 | D:3      | Found a shimmering blue altar of Sif Muna.
  2507 | D:3      | Learned a level 3 spell: Tukima's Dance
  2565 | D:4      | Noticed Grinder
  2582 | D:4      | Killed Grinder
  2583 | D:4      | Reached skill level 1 in Polearms
  2583 | D:4      | Reached skill level 5 in Stealth
  2583 | D:4      | Reached XP level 6. HP: 24/30 MP: 3/10
  2676 | D:4      | Found a runed translucent door.
  2677 | D:4      | Noticed Crazy Yiuf
  2756 | D:4      | Found a broken altar of Ashenzari.
  2769 | D:4      | Reached XP level 7. HP: 35/35 MP: 11/11
  3217 | D:4      | Noticed Eustachio
  3228 | D:4      | Killed Eustachio
  3229 | D:4      | Reached skill level 6 in Stealth
  3465 | D:4      | Killed Crazy Yiuf
  3554 | D:4      | Learned a level 2 spell: Blink
  3623 | D:5      | Entered Level 5 of the Dungeon
  3724 | D:5      | Found a snail-covered altar of Cheibriados.
  3845 | D:5      | Gained mutation: You have razor-sharp teeth. [Vine Stalker
                  | growth]
  3845 | D:5      | Reached XP level 8. HP: 40/40 MP: 12/12
  3956 | D:5      | Reached skill level 5 in Hexes
  4138 | D:5      | Reached skill level 7 in Stealth
  4353 | D:5      | Found a hazy altar of Hepliaklqana.
  4964 | D:6      | Reached skill level 8 in Stealth
  5183 | D:6      | Found a shimmering altar of Xom.
  5293 | D:6      | Found a hide-covered altar of Uskayaw.
  5609 | D:6      | Slain by an orc warrior

Illustrated notes

Levels and vault maps discovered:
D:1:      saegor_arrival_simple_b, layout_loops_ring,
          nicolae_houndstooth_variations
D:2:      kb_forest_paths, layout_loops_cross,
          hellmonk_ecumenical_altar_zigzags, minmay_crystal_water
D:3:      layout_loops_cross, nicolae_overflow_hidden_temple,
          nicolae_tso_besieged_by_evil, mainiacjoe_overflow_chevrons,
          gammafunk_ghost_grave, small_statue_intersection
D:4:      cheibrodos_old_hovel, layout_cave_pods, ashenzari_altar_1,
          uniq_eustachio, uniq_crazy_yiuf_cottage, uniq_grinder
D:5:      layout_loops_corners, mainiacjoe_overflow_brackets,
          nicolae_hepliaklqana_hippocampus, nrook_pool_corridor
D:6:      layout_loops_corners, eat_drink_and_be_merry_uskayaw,
          mainiacjoe_overflow_six_doors_small, grunt_ministairs_3,
          serial_library_hellmonk_u_bend

Skill      XL: |  1  2  3  4  5  6  7  8 |
---------------+-------------------------+-----
Short Blades   | 1 2 |  2.1
Stealth        | 4 5 6 8 |  8.3
Ice Magic      | 1 2 3 |  3.5
Fighting       | 1 2 3 |  3.2
Polearms       | 1 2 3 |  3.7
Hexes          | 4 5 |  5.7
Dodging        | |  1.5
Spellcasting   | |  2.1

Action                     |  1- 3 |  4- 6 |  7- 9 || total
---------------------------+-------+-------+-------++-------
  Melee: Dagger            |    68 |       |       ||    68
         Bite              |    18 |     8 |    14 ||    40
         Trident           |       |    63 |   100 ||   163
   Cast: Ensorcelled Hiber |     8 |       |     2 ||    10
         Confusing Touch   |       |     1 |     2 ||     3
    Use: Scroll            |       |       |     5 ||     5
   Stab: Sleeping          |    11 |    12 |    16 ||    39
         Distracted        |       |     2 |       ||     2
         Confused          |       |     1 |     1 ||     2
 Armour: Robe              |    42 |    14 |    42 ||    98
  Dodge: Dodged            |    36 |    16 |    28 ||    80

Table legend: (Time is in decaauts)
 A = Elapsed time spent in this place.
 B = Non-inter-level travel time spent in this place.
 C = Inter-level travel time spent in this place.
 D = Time resting spent in this place.
 E = Time spent auto-exploring this place.
 F = Levels seen in this place.
 G = Mean time per level.
                   A        B        C        D        E       F      G
               +--------+--------+--------+--------+--------+-----+--------+
         Total |   5645 |   5421 |    224 |      0 |   4675 |   6 |  940.8 |
       Dungeon |   5645 |   5421 |    224 |      0 |   4675 |   6 |  940.8 |
               +--------+--------+--------+--------+--------+-----+--------+

Top non-repeatable levels by time:
     D:2: 1174 daAuts
     D:4: 1100 daAuts
     D:6: 1016 daAuts
     D:5: 978 daAuts
     D:1: 729 daAuts
     D:3: 645 daAuts
